 Dungeon Crawl Stone Soup version 0.31-b1-20-g67cafac56d (webtiles) character file.

Game seed: 7784567752493007990

184 booth the Gusty (level 5, -3/38 HPs)
             Began as a Draconian Air Elementalist on Jan 17, 2024.
             Slain by an ice beast (9 damage)
             ... on level 3 of the Dungeon.
             The game lasted 00:22:03 (3441 turns).

booth the Gusty (Draconian Air Elementalist)        Turns: 3441, Time: 00:22:03

Health: -3/38      AC:  6    Str: 11    XL:     5   Next: 36%
Magic:  0/9        EV: 12    Int: 17    God:
Gold:   150        SH:  0    Dex: 11    Spells: 1/9 levels left

rFire   . . .        c - +0 whip
rCold   . . .        (no shield)
rNeg    . . .        (body armour unavailable)
rPois   .            (helmet restricted)
rElec   .            (no cloak)
rCorr   .            (no gloves)
SInv    .            h - +0 pair of boots
Will    .....        (no amulet)
Stlth   ++           (no ring)
HPRegen 0.26/turn    (no ring)
MPRegen 0.11/turn

%: no passive effects
@: slowed, very slow
A: AC +5, unfitting armour, cold-blooded
a: no special abilities


You were on level 3 of the Dungeon.
You visited 1 branch of the dungeon, and saw 3 of its levels.

You collected 150 gold pieces.

Inventory:

Hand Weapons
 c - a +0 whip (weapon)
 d - a +0 mace
Missiles
 e - 5 boomerangs
Armour
 h - a +0 pair of boots (worn)
Wands
 l - a wand of flame (12)
 m - a wand of polymorph (9)
Scrolls
 g - 4 scrolls of teleportation
 i - a scroll of enchant weapon {unknown}
 j - 2 scrolls of immolation {unknown}
 k - a scroll of enchant armour {unknown}
Potions
 a - a potion of magic
 b - a potion of haste


   Skills:
 + Level 1.6 Maces & Flails
 - Level 2.0 Dodging
 - Level 2.1 Stealth
 + Level 2.8 Spellcasting
 + Level 2.3 Conjurations
 * Level 4.4 Air Magic


You had one spell level left.
You knew the following spells:

 Your Spells              Type           Power      Damage    Failure   Level
a - Shock                 Conj/Air       52%        1d6       4%          1
b - Apportation           Tloc           4%         N/A       19%         1
c - Static Discharge      Conj/Air       26%        3-5/arc   7%          2
d - Airstrike             Air            8%         2d(2-18)  28%         4

Your spell library contained the following spells:

 Spells                   Type           Power      Damage    Failure   Level
 Sting                    Conj/Alch      24%        1d4       11%         1
 Necrotise                Necr           8%         1d4       19%         1
 Summon Small Mammal      Summ           8%         N/A       19%         1
 Swiftness                Air            17%        N/A       9%          3
 Jinxbite                 Hex            4%         N/A       26%         2
 Alistair's Intoxication  Alch           1%         N/A       99%         5


Dungeon Overview and Level Annotations

Branches:
Dungeon (3/15)

Altars:


Innate Abilities, Weirdness & Mutations

Your plain brown scales are hard. (AC +5)
You cannot fit into any form of body armour.
You are cold-blooded and may be slowed by cold attacks.


Message History

Aiming: Shock (safe; 4% risk of failure)
Press: ? - help, Shift-Dir - straight line The zap hits the ice beast.
The ice beast is moderately wounded.
The zap hits the ice beast but does no damage.
The ice beast is moderately wounded.
The ice beast misses you.
Casting: Shock (safe; 4% risk of failure)
Confirm with . or Enter, or press ? or * to list all spells.
Aiming: Shock (safe; 4% risk of failure)
Press: ? - help, Shift-Dir - straight line The zap hits the ice beast.
The ice beast is heavily wounded.
The zap hits the ice beast.
The ice beast is heavily wounded.
The ice beast hits you but does no damage.
You barely miss the ice beast.
The ice beast is heavily wounded.
The ice beast hits you. The ice beast freezes you!
You barely miss the ice beast.
The ice beast is heavily wounded.
The ice beast hits you.
* * * LOW HITPOINT WARNING * * *
The ice beast freezes you.
You feel yourself slow down.
* * * LOW HITPOINT WARNING * * *
Casting: Shock (safe; 4% risk of failure)
Confirm with . or Enter, or press ? or * to list all spells.
Aiming: Shock (safe; 4% risk of failure)
Press: ? - help, Shift-Dir - straight line The zap hits the ice beast.
The ice beast is severely wounded.
The zap hits the ice beast but does no damage.
The ice beast is severely wounded.
The ice beast hits you but does no damage.
You feel better.
You feel yourself speed up. The ice beast hits you.
* * * LOW HITPOINT WARNING * * *
The ice beast freezes you!
You feel yourself slow down.
You die...

#...# #.# #...#
#.# #...# #.#
##### #.####### ..
#.......# ..
#.#####.# . #.#
#.# #.# #.# #.#
#@# #.# #Y#
##########.#####.#
.................#
########.#########
#.# ##.# ##..#
##..##


You could see an ice beast.

Vanquished Creatures
  A bombardier beetle (D:3)
  Ijyb (D:3)
  5 adders (D:2)
  A ribbon worm (D:3)
  6 dart slugs
  An orc (D:3)
  5 ball pythons
  4 bats
  10 endoplasms
  2 giant cockroaches (D:1)
  5 goblins
  5 hobgoblins
  4 jackals
  7 kobolds
  3 frilled lizards
  4 rats
64 creatures vanquished.

Notes
Turn   | Place    | Note
-------+----------+-------------------------------------------
     0 | D:1      | booth the Draconian Air Elementalist began the quest for
                  | the Orb.
     0 | D:1      | Reached XP level 1. HP: 14/14 MP: 3/3
   100 | D:1      | Learned a level 1 spell: Apportation
   326 | D:1      | Reached XP level 2. HP: 5/20 MP: 0/5
   329 | D:1      | Learned a level 2 spell: Static Discharge
   550 | D:1      | HP: 1/20 [jackal (2)]
  1000 | D:1      | Reached XP level 3. HP: 26/26 MP: 4/6
  1845 | D:2      | Reached XP level 4. HP: 33/33 MP: 2/7
  2028 | D:2      | Reached skill level 1 in Maces & Flails
  2189 | D:2      | Reached skill level 4 in Air Magic
  2776 | D:3      | Noticed Ijyb
  2789 | D:3      | Killed Ijyb
  2790 | D:3      | Reached XP level 5. HP: 35/38 MP: 2/9
  2805 | D:3      | Learned a level 4 spell: Airstrike
  3406 | D:3      | Noticed an ice beast
  3441 | D:3      | Slain by an ice beast

Illustrated notes

Levels and vault maps discovered:
D:1:      sevenhm_arrival_forest_fort_small_3, layout_basic
D:2:      layout_loops_ring, chequers_garden
D:3:      layout_basic, portal_sewer_entry_b, chequers_serial_rivers_small_b,
          hangedman_abyss_or_decor_stabs, uniq_ijyb

Skill      XL: |  1  2  3  4 |
---------------+-------------+-----
Stealth        | 2 |  2.1
Dodging        | 2 |  2.0
Maces & Flails | 1 |  1.6
Air Magic      | 4 |  4.4
Conjurations   | 2 |  2.3
Spellcasting   | |  2.8

Action                     |  1- 3 |  4- 6 || total
---------------------------+-------+-------++-------
  Melee: Whip              |    20 |    54 ||    74
         Tailslap          |     1 |     2 ||     3
         Punch             |       |     1 ||     1
   Cast: Shock             |    55 |    42 ||    97
         Static Discharge  |     2 |     4 ||     6
         Airstrike         |       |     1 ||     1
    Use: Scroll            |     1 |     4 ||     5
         Potion            |     1 |     2 ||     3
   Stab: Sleeping          |     1 |     3 ||     4
 Armour: Skin              |    25 |    40 ||    65
  Dodge: Dodged            |    18 |    27 ||    45
